 Dungeon Crawl Stone Soup version 0.23-b1-58-ge3fafae (webtiles) character file.

Game seed: 8118844987902889980

856 poirepourri the Cleaver (level 7, -11/61 HPs)
             Began as a Deep Dwarf Fighter on Feb 4, 2019.
             Shot with an arrow by a centaur (15 damage)
             ... on level 5 of the Dungeon.
             The game lasted 00:03:32 (2390 turns).

poirepourri the Cleaver (Deep Dwarf Fighter)        Turns: 2390, Time: 00:03:33

Health: -11/61     AC:  7    Str: 19    XL:     7   Next: 70%
Magic:  2/2        EV:  7    Int:  9    God:
Gold:   202        SH: 11    Dex: 14    Spells: 6/6 levels left

rFire    . . .     SeeInvis .   a - +0 war axe
rCold    . . .     Gourm    .   c - +2 shield
rNeg     . . .     Faith    .   b - +1 scale mail
rPois    .         Spirit   .   (no helmet)
rElec    .         Reflect  .   (no cloak)
rCorr    .         Harm     .   (no gloves)
MR       +....                  (no boots)
Stlth    ..........             (no amulet)
HPRegen  0.00/turn              (no ring)
MPRegen  0.08/turn              (no ring)

@: non-regenerating
A: damage resistance, heal wounds, sense surroundings 1, no regeneration
a: Heal Wounds


You were on level 5 of the Dungeon.
You were not hungry.

You visited 2 branches of the dungeon, and saw 6 of its levels.

You collected 202 gold pieces.

Inventory:

Hand Weapons
 a - a +0 war axe (weapon)
Armour
 b - a +1 scale mail (worn)
 c - a +2 shield (worn)
Wands
 j - a wand of polymorph (18)
Potions
 e - a potion of agility {unknown}
 k - a potion of brilliance
 l - 2 potions of flight
 m - 3 potions of magic {unknown}
Comestibles
 f - 3 rations


   Skills:
 - Level 2.6 Fighting
 + Level 9.8 Axes
 - Level 3.2 Armour
 - Level 3.2 Shields


You had 6 spell levels left.
You didn't know any spells.
Your spell library was empty.

Dungeon Overview and Level Annotations

Branches:
Dungeon (5/15)             Temple (1/1) D:5

Altars:
Ashenzari
Cheibriados
Elyvilon
Gozag
Kikubaaqudgha
Nemelex Xobeh
Okawaru
Qazlal
Ru
Sif Muna
Trog
Uskayaw
Wu Jian
Xom
Yredelemnul
Zin
The Shining One


Innate Abilities, Weirdness & Mutations

You are resistant to damage.
You can heal yourself by infusing magical energy.
You passively map a small area around you.
You do not regenerate.


Message History

You see here the human corpse of Prince Ribbit.
Things that are here:
a +0 flail; a +0 leather armour; an orc corpse A centaur comes into view.
It is wielding a +0 war axe.
The centaur shouts!
A centaur is nearby!
A centaur is nearby!
You are too injured to fight recklessly!
You are too injured to fight recklessly!
You are too injured to fight recklessly!
You are too injured to fight recklessly!
You are too injured to fight recklessly!
You are too injured to fight recklessly!
The centaur unwields a +0 war axe.
The centaur wields a +0 shortbow.
The centaur shoots an arrow.
You block the arrow.
You see here an arrow.
The centaur shoots an arrow.
The arrow hits you!
* * * LOW HITPOINT WARNING * * *
The centaur shoots an arrow.
The arrow hits you!
You die...

......# ##.# #.#
....###### #.)# #..*
.##......###.## ##.
########.....# *.# #
#.##### .# # #.## ,
#..########
########...).....##.####
*
......##†####..(@.......
......##.###............
*
......##.....######.c...
########..#### ....
##..<..## ... ###...####
*, ## .......#
.....#.### .........####


You could see a centaur.

Vanquished Creatures
  Prince Ribbit (D:5)
  An ogre (D:5)
  A scorpion (D:4)
  A howler monkey (D:5)
  A bullfrog zombie (D:5)
  A crimson imp (D:5)
  2 orc priests (D:4)
  2 orc wizards (D:4)
  Terence (D:3)
  3 worker ants
  A killer bee zombie (D:5)
  A hound skeleton (D:3)
  7 adders
  3 gnolls (D:3)
  A shadow imp (D:5)
  An adder skeleton (D:4)
  An adder zombie (D:5)
  3 worms
  A dart slug (D:1)
  3 leopard geckos
  12 orcs
  5 bats
  5 giant cockroaches
  2 goblins
  4 hobgoblins
  A kobold (D:3)
  2 quokkas
  2 frilled lizards
  3 rats
72 creatures vanquished.

Notes
Turn   | Place    | Note
-------+----------+-------------------------------------------
     0 | D:1      | poirepourri the Deep Dwarf Fighter began the quest for the
                  | Orb.
     0 | D:1      | Reached XP level 1. HP: 20/20 MP: 1/1
    85 | D:1      | Reached skill level 3 in Axes
   172 | D:2      | Reached XP level 2. HP: 25/27 MP: 2/2
   219 | D:2      | Reached skill level 4 in Axes
   219 | D:2      | Reached XP level 3. HP: 32/33 MP: 3/3
   331 | D:3      | Noticed Terence
   353 | D:3      | Killed Terence
   353 | D:3      | Reached XP level 4. HP: 32/40 MP: 4/4
   395 | D:3      | Reached skill level 5 in Axes
   420 | D:3      | Found a bloodstained altar of Trog.
   647 | D:3      | Reached XP level 5. HP: 27/46 MP: 5/5
   980 | D:4      | Reached skill level 6 in Axes
  1103 | D:4      | Reached skill level 7 in Axes
  1103 | D:4      | Reached XP level 6. HP: 36/55 MP: 5/5
  1371 | D:4      | Found a shimmering altar of Xom.
  1373 | D:4      | Found a glowing silver altar of Zin.
  1373 | D:4      | Found a burning altar of Makhleb.
  1375 | D:4      | Found an opulent altar of Gozag.
  1375 | D:4      | Found a glowing golden altar of the Shining One.
  1375 | D:4      | Found a shattered altar of Ashenzari.
  1731 | D:5      | Entered Level 5 of the Dungeon
  1775 | D:5      | Found a staircase to the Ecumenical Temple.
  1786 | Temple   | Entered the Ecumenical Temple
  1962 | D:4      | Found an ornate altar of the Wu Jian Council.
  1993 | D:5      | Reached skill level 8 in Axes
  2084 | D:5      | Reached XP level 7. HP: 37/61 MP: 5/5
  2144 | D:5      | Noticed Prince Ribbit
  2202 | D:5      | Reached skill level 9 in Axes
  2372 | D:5      | Killed Prince Ribbit
  2390 | D:5      | Shot with an arrow by a centaur

Skill      XL: |  1  2  3  4  5  6  7 |
---------------+----------------------+-----
Axes           | 3 4 5 7 8 9 |  9.8
Fighting       | |  2.6
Armour         | |  3.2
Shields        | |  3.2

Action                   |  1- 3 |  4- 6 |  7- 9 || total
-------------------------+-------+-------+-------++-------
Melee: War axe           |    67 |   207 |    50 ||   324
       Unarmed           |     7 |       |       ||     7
 Abil: Heal Wounds       |     1 |     2 |     8 ||    11
  Use: Scroll            |       |    12 |       ||    12
       Potion            |       |     3 |     3 ||     6
  Eat: Ration            |       |     2 |       ||     2
Armor: Scale mail        |    21 |    75 |     6 ||   102
       Skin              |     2 |       |       ||     2
Dodge: Dodged            |    22 |    59 |    11 ||    92
Block: Shield            |    46 |   109 |    33 ||   188
